 Dungeon Crawl Stone Soup version 0.30-a0-739-gea05faddec (webtiles) character file.

Game seed: 6582826454419537032

1202 holysushi the Shooter (level 8, -6/56 HPs)
             Began as a Demonspawn Warper on Feb 4, 2023.
             Mangled by a fire elemental (11 damage)
             ... summoned by a deep elf pyromancer
             ... on level 6 of the Dungeon.
             The game lasted 00:05:00 (4845 turns).

holysushi the Shooter (Demonspawn Warper)           Turns: 4845, Time: 00:05:01

Health: -6/56      AC:  6    Str: 11    XL:     8   Next: 21%
Magic:  20/20      EV: 11    Int: 15    God:
Gold:   296        SH:  0    Dex: 15    Spells: 9/11 levels left

rFire   . . .      SeeInvis .    e - +6 longbow (heavy)
rCold   . . .      Faith    .    (shield currently unavailable)
rNeg    . . .      Spirit   .    b - +0 leather armour
rPois   .          Reflect  .    (helmet restricted)
rElec   .          Harm     .    (no cloak)
rCorr   .          Rampage  .    j - +2 pair of gloves
Will    .....                    (no boots)
Stlth   +                        (no amulet)
HPRegen 0.29/turn                i - ring of magical power
MPRegen 0.17/turn                o - ring of wizardry

@: no status effects
A: antennae 1, demonic guardian 2, condensation shield
a: no special abilities


You were on level 6 of the Dungeon.
You visited 1 branch of the dungeon, and saw 6 of its levels.
You also visited: Sewer.

You collected 318 gold pieces.
You spent 22 gold pieces at shops.

Inventory:

Hand Weapons
 a - a +0 mace
 e - a +6 heavy longbow (weapon)
 r - a +1 dagger of draining
 t - a +0 flail
Missiles
 d - 7 boomerangs of dispersal
 m - 2 boomerangs
Armour
 b - a +0 leather armour (worn)
 j - a +2 pair of gloves (worn)
Jewellery
 i - a ring of magical power (left hand)
 o - a ring of wizardry (right hand)
Wands
 B - a wand of mindburst (19)
Scrolls
 c - a scroll of blinking
 f - a scroll of noise
 p - 3 scrolls of enchant armour
 q - a scroll of poison
 s - a scroll of magic mapping
 w - 4 scrolls of identify
Potions
 g - a potion of lignification
 h - 2 potions of ambrosia
 k - 3 potions of resistance {unknown}
 l - a potion of mutation {unknown}
 u - 2 potions of might {unknown}
 v - a potion of attraction {unknown}
 x - 4 potions of heal wounds {unknown}
 z - 3 potions of curing {unknown}
 C - a potion of cancellation {unknown}


   Skills:
 - Level 2.0 Fighting
 - Level 5.0 Maces & Flails
 + Level 7.5 Ranged Weapons
 - Level 0.8 Throwing
 - Level 0.8 Armour
 - Level 1.7 Dodging
 - Level 2.0 Spellcasting
 - Level 2.6 Translocations


You had 9 spell levels left.
You knew the following spells:

 Your Spells              Type           Power      Damage    Failure   Level
a - Blink                 Tloc           18%        N/A       6%          2

Your spell library contained the following spells:

 Spells                   Type           Power      Damage    Failure   Level
 Lesser Beckoning         Tloc           18%        N/A       6%          2
 Gell's Gravitas          Tloc           9%         N/A       12%         3
 Teleport Other           Tloc           9%         N/A       12%         3
 Vhi's Electric Charge    Tloc/Air       10%        N/A       21%         3
 Ozocubu's Armour         Ice            1%         N/A       32%         3
 Manifold Assault         Tloc           9%         N/A       34%         4
 Dispersal                Tloc           4%         N/A       99%         6
 Ozocubu's Refrigeration  Ice            0%         4d7       100%        7


Dungeon Overview and Level Annotations

Branches:
Dungeon (6/15) Zot: 26900   Sewer (visited)
 Temple: D:4-7

Altars:
Wu Jian

Shops:
D:3 ?

Annotations:
D:4 3 runed translucent doors, Bediveer's ghost, amateur DsGl


Innate Abilities, Weirdness & Mutations

You have a pair of small antennae on your head.
A demonic guardian rushes to your aid.
A meltable shield of frost defends you. (SH +0)


Message History

You shoot an arrow. The arrow hits the deep elf pyromancer!
The deep elf pyromancer is moderately wounded.
The deep elf pyromancer casts a spell.
You shoot an arrow.
The arrow closely misses the deep elf pyromancer.
The fire elemental hits you. The fire elemental burns you!
Your condensation shield dissipates!
The deep elf pyromancer hits you but does no damage.
The fire elemental closely misses you.
The deep elf pyromancer hits you but does no damage.
You shoot an arrow. The arrow hits the deep elf pyromancer!
The deep elf pyromancer is severely wounded.
The fire elemental misses you.
The deep elf pyromancer hits you with a +2 vampiric short sword.
The deep elf pyromancer draws strength from your wounds!
The fire elemental hits you. The fire elemental burns you!
The deep elf pyromancer hits you with a +2 vampiric short sword.
The deep elf pyromancer draws strength from your wounds!
The fire elemental misses you.
Fire: e) +6 longbow (heavy)
Press: ? - help, Q - select action, (/) - cycle Shift-Dir - straight line, f/p - deep elf pyromancer
Aim: a deep elf pyromancer, wielding a +2 vampiric short sword (moderately wounded, 58% to hit)
You shoot an arrow. The arrow hits the deep elf pyromancer.
The deep elf pyromancer is heavily wounded.
The fire elemental closely misses you. The fire elemental hits you.
The fire elemental burns you!
The deep elf pyromancer hits you with a +2 vampiric short sword.
* * * LOW HITPOINT WARNING * * *
The fire elemental hits you. The fire elemental burns you!
* * * LOW HITPOINT WARNING * * *
A demonic guardian appears!
The fire elemental completely misses you.
The deep elf pyromancer hits you but does no damage.
Fire: e) +6 longbow (heavy)
Press: ? - help, Q - select action, (/) - cycle Shift-Dir - straight line, f/p - deep elf pyromancer
Aim: a deep elf pyromancer, wielding a +2 vampiric short sword (heavily wounded, ally target, 58% to hit)
You shoot an arrow. The arrow hits the deep elf pyromancer!
The deep elf pyromancer is almost dead.
The fire elemental hits you. The fire elemental burns you!
You die...

### #.#.#.#
....#.#.#.#
#....<#.#
#####.#.#.#
..........# ##
..........# ...#
###########.#..#
#..E...........#
#..E@........#.#
#'°e######8..# #
#P4. ....# #...
.....# #..$
.....# #+++
###8.## .... ...


You could see a deep elf pyromancer (ally target), 2 fire elementals and a
friendly ice devil (summoned).

Vanquished Creatures
  Edmund (D:5)
  A water moccasin (D:6)
  A centaur (D:5)
  2 phantoms (D:5)
  Blork the orc (D:5)
  4 orc priests
  6 hounds
  A jelly (D:4)
  An iguana (D:5)
  3 gnolls (D:3)
  6 adders
  A river rat (D:4)
  A worm (D:4)
  5 dart slugs
  13 orcs
  5 ball pythons
  7 bats
  8 endoplasms
  3 giant cockroaches
  5 hobgoblins
  9 jackals
  7 kobolds
  2 quokkas
  5 frilled lizards
  7 goblins
  7 rats
112 creatures vanquished.

Vanquished Creatures (collateral kills)
  A water moccasin (Sewer)
  A jelly (D:5)
  A kobold (D:2)
3 creatures vanquished.

Grand Total: 115 creatures vanquished

Notes
Turn   | Place    | Note
-------+----------+-------------------------------------------
     0 | D:1      | holysushi the Demonspawn Warper began the quest for the
                  | Orb.
     0 | D:1      | Reached XP level 1. HP: 16/16 MP: 3/3
   125 | D:1      | Gained mutation: A weak demonic guardian rushes to your
                  | aid. [demonic ancestry]
   125 | D:1      | Reached XP level 2. HP: 18/22 MP: 5/5
   604 | D:1      | Reached XP level 3. HP: 27/27 MP: 6/6
  1615 | D:2      | Reached XP level 4. HP: 29/31 MP: 7/7
  1982 | D:3      | Found Letapo's Magic Scroll Emporium.
  1990 | D:3      | Bought a scroll of identify for 22 gold pieces
  2802 | D:4      | Identified a scroll of acquirement
  2802 | D:4      | Acquired a +5 heavy longbow
  2809 | D:4      | Reached skill level 5 in Maces & Flails
  2809 | D:4      | Gained mutation: A demonic guardian rushes to your aid.
                  | [demonic ancestry]
  2809 | D:4      | Reached XP level 5. HP: 31/38 MP: 8/8
  2906 | D:4      | Reached skill level 1 in Ranged Weapons
  2965 | D:4      | Reached skill level 2 in Ranged Weapons
  3179 | D:4      | Found a glowing drain.
  3183 | Sewer    | Entered a sewer
  3230 | Sewer    | Noticed a water moccasin
  3237 | Sewer    | Killed a water moccasin
  3238 | Sewer    | Reached skill level 3 in Ranged Weapons
  3238 | Sewer    | Reached XP level 6. HP: 12/44 MP: 9/9
  3780 | Sewer    | Learned a level 2 spell: Blink
  3959 | D:4      | Found a runed translucent gate.
  3959 | D:4      | Found a runed translucent gate.
  3959 | D:4      | Found a runed translucent gate.
  3961 | D:4      | Noticed Bediveer's ghost (amateur DsGl)
  3992 | D:5      | Entered Level 5 of the Dungeon
  4016 | D:5      | Noticed Blork the orc
  4021 | D:5      | Reached skill level 4 in Ranged Weapons
  4024 | D:5      | Killed Blork the orc
  4097 | D:5      | Noticed Edmund
  4100 | D:5      | Gained mutation: A meltable shield of frost defends you.
                  | (SH +0) [demonic ancestry]
  4100 | D:5      | Reached XP level 7. HP: 50/50 MP: 10/10
  4103 | D:5      | Killed Edmund
  4104 | D:5      | Reached skill level 5 in Ranged Weapons
  4143 | D:5      | Reached skill level 6 in Ranged Weapons
  4256 | D:5      | Found an ornate altar of the Wu Jian Council.
  4349 | D:5      | Reached skill level 7 in Ranged Weapons
  4349 | D:5      | Gained mutation: You have a pair of small antennae on your
                  | head. [demonic ancestry]
  4349 | D:5      | Reached XP level 8. HP: 56/56 MP: 11/11
  4840 | D:6      | Noticed a deep elf pyromancer
  4845 | D:6      | Mangled by a fire elemental

Illustrated notes

Levels and vault maps discovered:
D:1:      dpeg_arrival_subterranean_lakeside_camping, layout_basic,
          serial_glass, glass_columns_b, glass_columns_a, glass_columns_a,
          glass_columns_c
D:2:      layout_basic, serial_co_window_serial, co_window_paths_b,
          co_window_paths_a, co_window_cross_1, co_window_corner_a,
          co_window_of_opportunity_a, co_window_2corner, co_window_2corner,
          co_window_corner_ca, co_window_2corner, co_window_broadway_c,
          co_window_broadway_a
D:3:      layout_loops_corners, serial_shops, shop
D:4:      layout_rooms, gup_sewer_entry_spiral, ebering_ghost_rock_garden
D:5:      layout_loops_ring, nicolae_wu_jian_glorious_leap, uniq_edmund,
          uniq_blork_the_orc
D:6:      layout_basic, mainiacjoe_overflow_paths,
          minmay_temple_entry_statues_pillars, chequers_serial_rivers_micro_c,
          nicolae_shop_fire_sale [nicolae_sub_dead_trees],
          guppyfry_early_elven_hall

Skill      XL: |  1  2  3  4  5  6  7 |
---------------+----------------------+-----
Maces & Flails | 2 3 5 |  5.0
Ranged Weapons | 3 4 7 |  7.5
Fighting       | |  2.0
Throwing       | |  0.8
Armour         | |  0.8
Dodging        | |  1.7
Spellcasting   | |  2.0
Translocations | |  2.6

Action                     |  1- 3 |  4- 6 |  7- 9 || total
---------------------------+-------+-------+-------++-------
  Melee: Mace              |   141 |    26 |       ||   167
         Punch             |     4 |       |       ||     4
         Flail             |       |    52 |       ||    52
   Fire: Longbow           |       |    61 |    61 ||   122
    Use: Scroll            |       |    13 |       ||    13
   Stab: Sleeping          |     1 |       |       ||     1
 Armour: Leather armour    |    54 |    50 |    18 ||   122
  Dodge: Dodged            |   107 |    98 |    27 ||   232
  Block: Other             |       |       |     6 ||     6

Table legend: (Time is in decaauts)
 A = Elapsed time spent in this place.
 B = Non-inter-level travel time spent in this place.
 C = Inter-level travel time spent in this place.
 D = Time resting spent in this place.
 E = Time spent auto-exploring this place.
 F = Levels seen in this place.
 G = Mean time per level.
                   A        B        C        D        E       F      G
               +--------+--------+--------+--------+--------+-----+--------+
         Total |   5094 |   4932 |    162 |    754 |   3130 |   7 |  727.7 |
       Dungeon |   4461 |   4299 |    162 |    305 |   3021 |   6 |  743.5 |
         Sewer |    633 |    633 |      0 |    449 |    109 |   1 |  633.0 |
               +--------+--------+--------+--------+--------+-----+--------+

Top non-repeatable levels by time:
     D:3: 1211 daAuts
     D:5: 895 daAuts
     D:2: 893 daAuts
     D:1: 800 daAuts
   Sewer: 633 daAuts
     D:4: 619 daAuts
     D:6: 41 daAuts
